 Dungeon Crawl Stone Soup version 0.30-b1-2-g02819fbbbe (webtiles) character file.

Game seed: 6131393938098658358

712 MajorAdolf the Sneak (level 7, -3/67 HPs)
             Began as a Naga Wanderer on Dec 3, 2023.
             Killed from afar by Blork the orc (9 damage)
             ... with a magic dart
             ... on level 4 of the Dungeon.
             The game lasted 00:07:22 (5137 turns).

MajorAdolf the Sneak (Naga Wanderer)                Turns: 5137, Time: 00:07:23

Health: -3/67      AC: -3    Str: 13    XL:     7   Next: 68%
Magic:  7/7        EV: 10    Int: 14    God:
Gold:   270        SH:  0    Dex: 12    Spells: 3/6 levels left

rFire   . . .        a - +3 spear
rCold   . . .        (no shield)
rNeg    . . .        t - +0 robe
rPois   +            b - +0 helmet
rElec   .            (no cloak)
rCorr   .            (no gloves)
SInv    +            (no barding)
Will    .....        (no amulet)
Stlth   +++          (no ring)
HPRegen 0.31/turn    (no ring)
MPRegen 0.10/turn

%: no passive effects
@: corroded, hasted, quick
A: AC +2, large, see invisible, deformed body, poison resistance, slowness 2,
spit poison 1, naga tail 1
a: Spit Poison


You were on level 4 of the Dungeon.
You visited 1 branch of the dungeon, and saw 4 of its levels.
You also visited: Ossuary.

You collected 270 gold pieces.

Inventory:

Hand Weapons
 a - a +3 spear (weapon)
 m - a +1 dagger of speed
Armour
 b - a +0 helmet (worn)
 t - a +0 robe (worn)
Scrolls
 c - 3 scrolls of fear
 g - a scroll of magic mapping
 h - a scroll of silence {unknown}
 j - a scroll of fog {unknown}
 k - 8 scrolls of teleportation {unknown}
 n - a scroll of poison {unknown}
 r - a scroll of noise {unknown}
 v - a scroll of torment {unknown}
 w - a scroll of enchant armour {unknown}
 x - 4 scrolls of identify
 y - a scroll of blinking {unknown}
Potions
 d - a potion of attraction {unknown}
 e - 2 potions of berserk rage {unknown}
 i - 2 potions of haste
 l - 2 potions of mutation {unknown}
 o - 2 potions of flight
 p - 2 potions of heal wounds
 q - a potion of brilliance {unknown}
 s - a potion of curing {unknown}
 u - 3 potions of might {unknown}
 z - a potion of degeneration {unknown}
Miscellaneous
 f - a lightning rod (4/4)


   Skills:
 + Level 5.4 Fighting
 + Level 5.3 Polearms
 - Level 1.1 Armour
 - Level 2.5 Dodging
 + Level 6.0 Stealth
 + Level 1.8 Translocations
 + Level 1.8 Evocations


You had 3 spell levels left.
You knew the following spells:

 Your Spells              Type           Power      Damage    Failure   Level
a - Gell's Gravitas       Tloc           5%         N/A       38%         3

Your spell library contained the following spells:

 Spells                   Type           Power      Damage    Failure   Level
 Apportation              Tloc           10%        N/A       14%         1
 Necrotise                Necr           0%         1d4       28%         1
 Summon Small Mammal      Summ           0%         N/A       28%         1
 Teleport Other           Tloc           5%         N/A       38%         3
 Sublimation of Blood     Necr           0%         N/A       41%         2
 Wereblood                Tmut           0%         N/A       41%         2
 Olgreb's Toxic Radiance  Pois           0%         N/A       96%         4
 Dispersal                Tloc           2%         N/A       100%        6
 Summon Hydra             Summ           0%         N/A       100%        7
 Discord                  Hex            0%         N/A       100%        8
 Ignition                 Fire           0%         3d3       100%        8


Dungeon Overview and Level Annotations

Branches:
Dungeon (4/15)            Ossuary (visited)
 Temple: D:4-7

Altars:
Elyvilon
Hepliaklqana
Vehumet

Shops:
D:2 :

Annotations:
D:4 Blork the orc


Innate Abilities, Weirdness & Mutations

Your serpentine skin is tough. (AC +2)
You have supernaturally acute eyesight. (SInv)
Armour fits poorly on your strangely shaped body.
Your system is resistant to poisons. (rPois)
You cover ground very slowly.
You can spit poison.
You have a snake-like lower body.


Message History

The phantom is moderately damaged.
Blork the orc casts a cantrip, but nothing happens.
The phantom misses you.
You hit the phantom.
The phantom is moderately damaged.
You barely miss the phantom.
The phantom is moderately damaged.
The phantom barely misses you.
You miss the phantom.
The phantom is moderately damaged.
Blork the orc miscasts a cantrip.
You hit the phantom but do no damage.
The phantom is moderately damaged.
The phantom hits you.
The phantom blinks!
You blink.
You hit the phantom.
The phantom is heavily damaged.
You barely miss the phantom.
The phantom is heavily damaged.
The phantom hits you.
* * * LOW HITPOINT WARNING * * *
The phantom blinks!
You blink.
You hit the phantom.
The phantom is severely damaged.
The phantom hits you!
* * * LOW HITPOINT WARNING * * *
The phantom blinks!
You blink.
You closely miss the phantom.
The phantom is severely damaged.
You hit the phantom but do no damage.
The phantom is severely damaged.
The phantom hits you.
* * * LOW HITPOINT WARNING * * *
You hit the phantom.
The phantom is almost destroyed.
You closely miss the phantom.
The phantom is almost destroyed.
The phantom barely misses you.
Blork the orc points at you and mumbles some strange words.
The magic dart hits you!
You die...

,* ,* ,* ,* #########
####### ,*** #####.......#
#...... ,,,* #...........#
#...... ,,,* #...........#
#...... ,,,*
#...........####......
,,,*
###....@................
+***
###.'§..W.........[.......
,*
#>o.#§..........####.#####
,* #§#########'##### #)#
,* #§# #.# #)# ,* #.# #.#
#)# ,* #.# #.# #)# ,* #.#
#####.# #)# ,* #o#
#.....########.#


You could see Blork the orc (fast) and a phantom.

Vanquished Creatures
  Grinder (D:4)
  A jelly (D:4)
  A gnoll bouda (D:4)
  3 human zombies (Ossuary)
  A hound (D:4)
  2 orc wizards (D:3)
  2 hound zombies (Ossuary)
  5 mummies
  3 adders
  6 gnolls
  2 adder zombies (Ossuary)
  3 worms
  2 dart slugs
  10 orcs (D:3)
  12 ball pythons
  4 bats (D:1)
  6 endoplasms
  4 giant cockroaches
  7 hobgoblins
  A quokka (D:4)
  4 frilled lizards
  11 goblins
  2 goblin zombies (Ossuary)
  A hobgoblin zombie (D:4)
  6 kobolds
  2 kobold zombies
  An orc zombie (Ossuary)
  3 rats
  A rat zombie (Ossuary)
107 creatures vanquished.

Notes
Turn   | Place    | Note
-------+----------+-------------------------------------------
     0 | D:1      | MajorAdolf the Naga Wanderer began the quest for the Orb.
     0 | D:1      | MajorAdolf set off with the following items: a +3 spear, a
                  | +0 helmet, a scroll of fear, a +0 leather armour.
     0 | D:1      | Reached XP level 1. HP: 21/21 MP: 1/1
   145 | D:1      | Reached XP level 2. HP: 28/28 MP: 2/2
   311 | D:1      | Reached XP level 3. HP: 34/34 MP: 3/3
   349 | D:1      | Reached skill level 1 in Stealth
   728 | D:2      | Found a faded altar of an unknown god.
   840 | D:2      | Reached XP level 4. HP: 44/44 MP: 4/4
   859 | D:2      | Reached skill level 2 in Stealth
  1106 | D:2      | Found a radiant altar of Vehumet.
  1235 | D:2      | Found Wiacvy's Vocational Training.
  2699 | D:3      | Found a radiant altar of Vehumet.
  2735 | D:3      | Reached skill level 3 in Stealth
  2735 | D:3      | Reached XP level 5. HP: 44/50 MP: 5/5
  3146 | D:3      | Identified the +5 ring mail of Imuuwux {rElec Will+++ Str-5
                  | Int-3}
  3164 | D:3      | Found a faded altar of an unknown god.
  3164 | D:3      | Found a hazy altar of Hepliaklqana.
  3166 | D:3      | Found a faded altar of an unknown god.
  3300 | D:4      | Found a sand-covered staircase.
  3310 | Ossuary  | Entered an ossuary
  3331 | Ossuary  | Reached skill level 4 in Stealth
  3361 | Ossuary  | Reached XP level 6. HP: 9/58 MP: 6/6
  4119 | Ossuary  | Reached skill level 5 in Stealth
  4268 | D:4      | Reached skill level 5 in Fighting
  4272 | D:4      | Learned a level 3 spell: Gell's Gravitas
  4280 | D:4      | Noticed Grinder
  4282 | D:4      | Paralysed by Grinder for 4 turns
  4294 | D:4      | Paralysed by Grinder for 4 turns
  4329 | D:4      | Killed Grinder
  4330 | D:4      | Reached skill level 5 in Polearms
  4330 | D:4      | Reached skill level 1 in Translocations
  4330 | D:4      | Reached skill level 1 in Evocations
  4330 | D:4      | Reached XP level 7. HP: 38/67 MP: 7/7
  4706 | D:4      | Found a white marble altar of Elyvilon.
  5097 | D:4      | Reached skill level 6 in Stealth
  5100 | D:4      | Noticed Blork the orc
  5137 | D:4      | Killed from afar by Blork the orc

Illustrated notes

Levels and vault maps discovered:
D:1:      dpeg_arrival_water_temple_mockup, layout_loops_ring
D:2:      layout_basic, ebering_ecumenical_altar_sacrificial, basic_altar,
          nicolae_shop_vocational
D:3:      layout_basic, nicolae_hepliaklqana_ecumenical_no_more,
          vehumet_crystals
D:4:      layout_basic, elyvilon_altar_3, nicolae_ossuary_entry_giza,
          uniq_blork_the_orc, uniq_grinder

Skill      XL: |  1  2  3  4  5  6  7 |
---------------+----------------------+-----
Stealth        | 1 3 4 5 6 |  6.0
Fighting       | 4 5 |  5.4
Polearms       | 4 5 |  5.3
Translocations | 1 |  1.8
Evocations     | 1 |  1.8
Armour         | |  1.1
Dodging        | |  2.5

Action                     |  1- 3 |  4- 6 |  7- 9 || total
---------------------------+-------+-------+-------++-------
  Melee: Spear             |    82 |   287 |    79 ||   448
         Punch             |       |     2 |     1 ||     3
Ability: Spit Poison       |     3 |       |     2 ||     5
  Evoke: Lightning rod     |       |       |     2 ||     2
    Use: Scroll            |       |     6 |       ||     6
         Potion            |       |       |     1 ||     1
   Stab: Sleeping          |     3 |     3 |     3 ||     9
 Armour: Leather armour    |    24 |    24 |       ||    48
         Robe              |       |    27 |     6 ||    33
  Dodge: Dodged            |    25 |    92 |    21 ||   138
